 Dungeon Crawl Stone Soup version 0.31-a0-544-gceb718ecc6 (webtiles) character file.

Game seed: 6862333943599107669

1425 Shayle the Fighter (level 8, -5/132 HPs)
             Began as an Ogre Shapeshifter on Aug 15, 2023.
             Slain by Pikel
             ... wielding a +2 whip of electrocution
              (18 damage)
             ... on level 6 of the Dungeon.
             The game lasted 00:13:26 (5352 turns).

Shayle the Fighter (Ogre Shapeshifter)              Turns: 5352, Time: 00:13:27

Health: -5/132     AC: 24    Str: 20    XL:     8   Next: 72%
Magic:  26/26      EV:  1    Int: 11    God:
Gold:   381        SH:  0    Dex:  9    Spells: 19/19 levels left

rFire   . . .        b - +3 scythe
rCold   + . .        (shield currently unavailable)
rNeg    . . .        a - melded +0 animal skin
rPois   +            (helmet currently unavailable)
rElec   .            (cloak currently unavailable)
rCorr   .            (gloves unavailable)
SInv    .            (boots unavailable)
Will    .....        (no amulet)
Stlth   +            n - ring of protection from cold
HPRegen 0.42/turn    j - ring of magical power
MPRegen 0.20/turn

%: no passive effects
@: tree-form
A: stationary, stasis, torment immunity, boosted hp, large, unfitting armour,
(tough skin 1)
a: no special abilities


You were on level 6 of the Dungeon.
You were a tree.
You visited 1 branch of the dungeon, and saw 6 of its levels.
You also visited: Ossuary.

You collected 381 gold pieces.

Inventory:

Hand Weapons
 b - a +3 scythe (weapon)
Armour
 a - a +0 animal skin (melded)
 u - the +1 robe "Ihetz" {Drain Str+3 Dex+3}
   (You found it on level 4 of the Dungeon)

   Str+3:     It affects your strength (+3).
   Dex+3:     It affects your dexterity (+3).
   Drain:     It drains your maximum health when unequipped.
 z - a +0 cloak
Jewellery
 f - a ring of magical power
 j - a ring of magical power (right branch)
 l - an amulet of the acrobat
 n - a ring of protection from cold (left branch)
 t - a ring of protection from fire
Talismans
 c - a beast talisman
 d - a flux talisman
 s - a serpent talisman
Wands
 D - a wand of roots (8)
Scrolls
 g - 4 scrolls of teleportation
 h - 2 scrolls of vulnerability
 q - 2 scrolls of immolation
 r - a scroll of enchant armour
 v - a scroll of noise
 y - a scroll of fog {unknown}
 A - a scroll of enchant weapon {unknown}
 C - 3 scrolls of identify
 E - a scroll of blinking
Potions
 i - a potion of curing {unknown}
 k - a potion of cancellation {unknown}
 m - 2 potions of might
 o - a potion of ambrosia {unknown}
 p - a potion of brilliance {unknown}
 w - a potion of degeneration {unknown}
 x - a potion of mutation {unknown}
 B - a potion of enlightenment {unknown}
 F - a potion of magic {unknown}


   Skills:
 + Level 8.0 Fighting
 - Level 1.7 Dodging
 + Level 6.1 Unarmed Combat
 + Level 6.3 Spellcasting
 - Level 3.0 Shapeshifting


You had 19 spell levels left.
You didn't know any spells.
Your spell library contained the following spells:

 Spells                   Type           Power      Damage    Failure   Level
 Magic Dart               Conj           12%        1d3       19%         1
 Searing Ray              Conj           6%         2d4       28%         2
 Fulminant Prism          Conj/Hex       1%         3d5       88%         4
 Iskenderun's Battlesphe  Conj           3%         2d6       99%         5
 Leda's Unmaking          Conj/Erth      1%         9d1       100%        6
 Spellforged Servitor     Conj/Summ      1%         N/A       100%        7


Dungeon Overview and Level Annotations

Branches:
Dungeon (6/15)            Ossuary (visited)
 Temple: D:4-7

Altars:
Cheibriados
Gozag
Hepliaklqana
Kikubaaqudgha
Sif Muna
Uskayaw
Vehumet
Xom
Yredelemnul

Annotations:
D:6 Pikel


Innate Abilities, Weirdness & Mutations

You are a tree.
Your roots penetrate the ground, keeping you stationary.
You cannot be teleported.
You are immune to unholy pain and torment.
Your maximum health is greatly increased.
Your equipment is partially melded.
You are too large for most types of armour.
((You have tough skin. (AC +1)))


Message History

A lemure comes into view.
The lemure shouts!
Pikel, Merchant of Souls comes into view.
He is wielding a +2 whip of electrocution and wearing a +1 robe of willpower.
Pikel shouts!
You hear a shout!
A lemure comes into view.
You hear a shout!
You closely miss the lemure.
The lemure shouts!
The lemure hits you! The lemure hits you. The lemure attacks as you move away!
The lemure barely misses you.
You see here a +5 dagger.
Pikel attacks as you move away! Pikel barely misses you.
Pikel attacks as you move away! Pikel barely misses you.
There is an open door here.
There is an open door here.
You closely miss Pikel.
Pikel hits you with a +2 whip of electrocution.
You closely miss Pikel.
Pikel hits you with a +2 whip of electrocution.
You are electrocuted!
A lemure comes into view.
Pikel barely misses you.
You puncture Pikel!
Pikel is heavily wounded.
Pikel hits you but does no damage.
You are electrocuted!
You puncture Pikel!
Pikel is severely wounded.
Pikel hits you with a +2 whip of electrocution!
You are electrocuted!!
* * * LOW HITPOINT WARNING * * *
Pikel closely misses you.
Your transformation has ended.
You turn into a tree.
Your +0 animal skin melds into your body.
Your roots penetrate the ground.
Pikel hits you but does no damage.
Unknown command.
You puncture Pikel!
Pikel is almost dead.
Pikel hits you but does no damage.
You are electrocuted!!
You die...

.. #. #. #.##
#..# ####.###
#......###
#.##.#...#
#)##.#.#♣#
#.#.####K####
#.#.#.^555^.#
#<#.###._.###
#...#.^...^.#
###.####'####
#.###..#####
#.##.).....#
#.##.......#


You could see Pikel and 3 lemures.

Vanquished Creatures
  Sigmund (D:2)
  Menkaure (D:5)
  A black bear (D:4)
  An ice beast (D:5)
  An ogre (D:4)
  3 elf zombies (Ossuary)
  A scorpion (D:4)
  A centaur zombie (Ossuary)
  4 crimson imps (D:6)
  A human zombie (Ossuary)
  A jelly (D:5)
  An orc priest (D:5)
  2 hounds (D:6)
  A sleepcap (D:5)
  3 iguanas
  A hound zombie (Ossuary)
  3 mummies (Ossuary)
  An adder (D:5)
  A shadow imp (D:5)
  An ufetubus (D:5)
  8 adder zombies (Ossuary)
  2 worms (D:2)
  4 dart slugs
  12 orcs
  7 ball pythons
  3 endoplasms
  A giant cockroach (D:2)
  A gnoll zombie (Ossuary)
  6 goblins
  3 hobgoblins
  4 jackals
  4 quokkas
  12 bats
  5 frilled lizards
  3 goblin zombies (Ossuary)
  2 hobgoblin zombies (Ossuary)
  4 jackal zombies (Ossuary)
  6 kobolds
  A kobold zombie (Ossuary)
  2 orc zombies (Ossuary)
  3 quokka zombies (Ossuary)
  3 rats (D:1)
  3 rat zombies (Ossuary)
129 creatures vanquished.

Notes
Turn   | Place    | Note
-------+----------+-------------------------------------------
     0 | D:1      | Shayle the Ogre Shapeshifter began the quest for the Orb.
     0 | D:1      | Reached XP level 1. HP: 19/19 MP: 1/1
   136 | D:1      | Reached XP level 2. HP: 26/28 MP: 1/3
   139 | D:1      | Reached skill level 2 in Fighting
   139 | D:1      | Reached skill level 1 in Spellcasting
   739 | D:2      | Reached XP level 3. HP: 34/36 MP: 3/5
   792 | D:2      | Found a basalt altar of Yredelemnul.
   884 | D:2      | Found a faded altar of an unknown god.
   929 | D:2      | Noticed Sigmund
   939 | D:2      | Killed Sigmund
   940 | D:2      | Reached skill level 4 in Fighting
   940 | D:2      | Reached XP level 4. HP: 33/49 MP: 5/8
   940 | D:2      | Reached XP level 5. HP: 37/55 MP: 5/9
  1444 | D:3      | Found a snail-covered altar of Cheibriados.
  1653 | D:3      | Reached XP level 6. HP: 63/63 MP: 10/10
  2159 | D:4      | Identified the +1 robe "Ihetz" {Drain Str+3 Dex+3}
  2200 | D:4      | Found an ancient bone altar of Kikubaaqudgha.
  2237 | D:4      | Found an opulent altar of Gozag.
  2516 | D:4      | Found a hide-covered altar of Uskayaw.
  2516 | D:4      | Found a hazy altar of Hepliaklqana.
  2534 | D:4      | Reached skill level 5 in Fighting
  2538 | D:4      | Found a shimmering blue altar of Sif Muna.
  2577 | D:4      | Noticed a black bear
  2599 | D:4      | HP: 4/99 [black bear (2)]
  2600 | D:4      | Killed a black bear
  2601 | D:4      | Reached XP level 7. HP: 4/72 MP: 13/13
  3458 | D:5      | Entered Level 5 of the Dungeon
  3535 | D:5      | Noticed Menkaure
  3540 | D:5      | Killed Menkaure
  3541 | D:5      | Reached skill level 6 in Fighting
  3617 | D:5      | Reached skill level 5 in Unarmed Combat
  3750 | D:5      | Reached skill level 5 in Spellcasting
  3799 | D:5      | Found a sand-covered staircase.
  3805 | Ossuary  | Entered an ossuary
  4028 | Ossuary  | Reached XP level 8. HP: 59/84 MP: 15/15
  4169 | Ossuary  | Reached skill level 7 in Fighting
  4923 | D:5      | Found a radiant altar of Vehumet.
  5132 | D:6      | Found a shimmering altar of Xom.
  5180 | D:6      | Reached skill level 8 in Fighting
  5333 | D:6      | Noticed Pikel
  5352 | D:6      | Slain by Pikel

Illustrated notes

Levels and vault maps discovered:
D:1:      psy_arrival_statuary, layout_basic
D:2:      layout_basic, basic_altar, hellmonk_ecumenical_altar_heavens_door,
          corexii_shack, minmay_pentomino_w2, uniq_sigmund
D:3:      layout_loops_cross, mainiacjoe_overflow_tiny_flanked
D:4:      layout_basic, kennysheep_little_box, mainiacjoe_overflow_chevrons,
          grunt_temple_overflow_open, hangedman_glass_teeth
D:5:      layout_basic, mainiacjoe_overflow_alcove_2,
          lightli_ossuary_entry_decrepit_ruins, uniq_menkaure
D:6:      layout_loops_cross, led_xom_imps, dreamdust_mushroom_princess,
          uniq_jeremiah, uniq_grinder, uniq_pikel

Skill      XL: |  1  2  3  4  5  6  7  8 |
---------------+-------------------------+-----
Fighting       | 2 4 5 6 8 |  8.0
Spellcasting   | 1 3 4 5 6 |  6.3
Unarmed Combat | 3 4 5 6 |  6.1
Dodging        | |  1.7
Shapeshifting  | |  3.0

Action                     |  1- 3 |  4- 6 |  7- 9 || total
---------------------------+-------+-------+-------++-------
  Melee: Unarmed           |    87 |     1 |       ||    88
         Halberd           |       |    70 |   240 ||   310
    Use: Potion            |     2 |     1 |     3 ||     6
         Scroll            |       |       |     7 ||     7
   Stab: Sleeping          |     1 |     1 |       ||     2
 Armour: Animal skin       |    36 |    29 |    60 ||   125
         Skin              |     3 |    31 |     2 ||    36
  Dodge: Dodged            |    50 |    50 |   139 ||   239

Table legend: (Time is in decaauts)
 A = Elapsed time spent in this place.
 B = Non-inter-level travel time spent in this place.
 C = Inter-level travel time spent in this place.
 D = Time resting spent in this place.
 E = Time spent auto-exploring this place.
 F = Levels seen in this place.
 G = Mean time per level.
                   A        B        C        D        E       F      G
               +--------+--------+--------+--------+--------+-----+--------+
         Total |   5499 |   5445 |     54 |    745 |   3176 |   7 |  785.6 |
       Dungeon |   4748 |   4694 |     54 |    473 |   3010 |   6 |  791.3 |
       Ossuary |    751 |    751 |      0 |    272 |    166 |   1 |  751.0 |
               +--------+--------+--------+--------+--------+-----+--------+

Top non-repeatable levels by time:
     D:4: 1345 daAuts
     D:5: 1003 daAuts
     D:3: 753 daAuts
 Ossuary: 751 daAuts
     D:1: 715 daAuts
     D:2: 675 daAuts
     D:6: 255 daAuts
